 Dungeon Crawl Stone Soup version 0.29.1-15-g9cfb28693d (webtiles) character file.

Game seed: 13548862207750053643

35 Descartes the Ducker (level 3, 0/15 HPs)
             Began as a Felid Transmuter on Mar 12, 2023.
             Succumbed to an adder's poison
             ... on level 2 of the Dungeon.
             The game lasted 00:01:57 (2427 turns).

Descartes the Ducker (Felid Transmuter)             Turns: 2427, Time: 00:01:58

Health: 0/15       AC:  1    Str:  8    XL:     3   Next: 16%
Magic:  6/7        EV: 18    Int: 14    God:
Gold:   90         SH:  0    Dex: 16    Spells: 5/6 levels left
                                        Lives:  0   Deaths: 0

rFire   . . .      SeeInvis +     - Unarmed
rCold   . . .      Faith    .   (shield unavailable)
rNeg    . . .      Spirit   .   (body armour unavailable)
rPois   .          Reflect  .   (helmet unavailable)
rElec   .          Harm     .   (cloak unavailable)
rCorr   .          Rampage  .   (gloves unavailable)
Will    .....                   (boots unavailable)
Stlth   +.........              (no amulet)
HPRegen 0.05/turn               (no ring)
MPRegen 0.10/turn               (no ring)

@: lethally poisoned (0 -> -8), appendages, quick
A: horns 2, very small, claws 1, fangs 3, see invisible, speed 1, shaggy fur 1,
stealthy paws, no weapons or thrown items, no armour, multi-lived
a: End Transformation


You were on level 2 of the Dungeon.
You had temporarily grown beastly horns.
You visited 1 branch of the dungeon, and saw 2 of its levels.

You collected 90 gold pieces.

Inventory:

Wands
 h - a wand of iceblast (1)
Scrolls
 b - a scroll of teleportation {unknown}
 d - 2 scrolls of identify {unknown}
 e - 2 scrolls of blinking {unknown}
 i - a scroll of brand weapon {unknown}
Potions
 a - a potion of lignification
 c - a potion of might {unknown}
 f - a potion of curing {unknown}
 g - a potion of attraction {unknown}
 j - a potion of mutation {unknown}


   Skills:
 + Level 1.6 Fighting
 + Level 3.4 Dodging
 + Level 3.3 Unarmed Combat
 - Level 2.0 Spellcasting
 + Level 2.7 Transmutations


You had 5 spell levels left.
You knew the following spells:

 Your Spells              Type           Power      Damage    Failure   Level
a - Beastly Appendage     Tmut           18%        N/A       8%          1

Your spell library contained the following spells:

 Spells                   Type           Power      Damage    Failure   Level
 Wereblood                Tmut           9%         N/A       12%         2
 Spider Form              Tmut/Pois      5%         N/A       38%         3
 Ice Form                 Ice/Tmut       5%         N/A       80%         4


Dungeon Overview and Level Annotations

Branches:
Dungeon (2/15)

Altars:


Innate Abilities, Weirdness & Mutations

You have temporarily grown beastly horns.
You have sharp claws.
You have razor-sharp teeth.
You have supernaturally acute eyesight. (SInv)
You cover ground quickly. (Speed+)
You are covered in fur. (AC +1)
Your paws help you pounce on unaware monsters.
You are incapable of wielding weapons or throwing items.
You cannot wear armour.
You gain extra lives every three experience levels.


Message History

Confirm with . or Enter, or press ? or * to list all spells.
You grow a pair of large bovine horns.
There is an open door here.
Your transformation is almost over.
You scratch the adder.
The adder is lightly wounded.
The adder closely misses you. The adder barely misses you.
You closely miss the adder. You headbutt the adder. Your bite misses the adder.
The adder is moderately wounded.
The adder bites you but does no damage.
You miss the adder. You headbutt the adder.
The adder is heavily wounded.
The adder bites you.
You scratch the adder but do no damage. Your headbutt misses the adder.
The adder is heavily wounded.
The adder completely misses you.
You scratch the adder.
The adder is almost dead.
The adder bites you. x2
You are poisoned.
The adder poisons you!
You closely miss the adder.
The adder is almost dead.
You feel sick. The adder bites you.
You are lethally poisoned!
The adder poisons you!
You barely miss the adder.
The adder is almost dead.
* * * LOW HITPOINT WARNING * * *
You feel sick. The adder misses you.
Casting: Beastly Appendage (safe; 8% risk of failure)
Confirm with . or Enter, or press ? or * to list all spells.
You extend your transformation's duration.
* * * LOW HITPOINT WARNING * * *
You feel very sick. The adder misses you.
You barely miss the adder. Your headbutt misses the adder.
Your bite misses the adder.
The adder is almost dead.
You die...

####### ## #######.....# .#
### #...........# .####.#
#.#####.....########
......###.#####.#####......#
................@Sg.'......+
.####.###.#####.###.#......#
.# #.# #.# #.# #.#......# .#
#.# #.# #.# #.######## .#
#.# #.# #.# #.# .####.###+##
#.# #.# ......#....# #.# #.#
......#....# #. #..
###...#....# ...


You could see an adder and a hobgoblin.

Vanquished Creatures
  A gnoll (D:1)
  2 ball pythons
  5 endoplasms
  3 giant cockroaches (D:1)
  3 goblins
  A quokka (D:1)
  2 kobolds
  5 rats
22 creatures vanquished.

Notes
Turn   | Place    | Note
-------+----------+-------------------------------------------
     0 | D:1      | Descartes the Felid Transmuter began the quest for the Orb.
     0 | D:1      | Reached XP level 1. HP: 9/9 MP: 4/4
   655 | D:1      | Reached XP level 2. HP: 9/12 MP: 4/6
   765 | D:1      | Found a faded altar of an unknown god.
  1997 | D:2      | Reached XP level 3. HP: 15/15 MP: 5/7
  2427 | D:2      | Succumbed to an adder's poison

Illustrated notes

Levels and vault maps discovered:
D:1:      dpeg_arrival_central, layout_basic,
          shapermc_ecumenical_altar_totnotflames, chequers_serial_rivers_micro_b
D:2:      layout_basic, serial_shops, nicolae_shop_behind_doors,
          minmay_misc_feat_square, small_statue_intersection,
          grunt_ministairs_11

Skill      XL: |  1 |
---------------+----+-----
Dodging        | 3 |  3.4
Fighting       | |  1.6
Unarmed Combat | |  3.3
Spellcasting   | |  2.0
Transmutations | |  2.7

Action                   || total
-------------------------++-------
Melee: Unarmed           ||    56
       Headbutt          ||     8
       Bite              ||     3
       Punch             ||     1
 Cast: Beastly Appendage ||    22
 Stab: Sleeping          ||     2
Armor: Skin              ||     1
Dodge: Dodged            ||    36
